[Event "EYCC Open-U10 2019"]
[Site "Bratislava"]
[Date "2019.08.07"]
[Round "6.35"]
[White "Oglaza, Dawid"]
[Black "Gut, Lionel"]
[Result "0-1"]
[ECO "B41"]
[WhiteElo "1284"]
[BlackElo "1583"]
[Annotator "NA"]
[PlyCount "90"]
[EventDate "2019.08.02"]
[EventType "swiss"]
[EventCountry "SVK"]
[SourceTitle "playchess.com"]
[Source "ChessBase"]
[SourceQuality "1"]
[TimeControl "40/5400+30:1800+30"]

1. e4 c5 2. Nf3 e6 3. d4 cxd4 4. Nxd4 a6 5. Be2 Qc7 6. O-O Nf6 7. Nc3 b5 8. a3 Bb7 9. Qd3 d5 10. Bf3 Nbd7 11. exd5 Ne5 12. Qe2 Nxf3+ 13. Nxf3 Nxd5 14. Nxd5 Bxd5 15. Rd1 Be7 16. Ne5 O-O 17. Nd3 Rac8 18. Ne1 Bd6 19. h3 Bh2+ 20. Kh1 Bd6 21. b3 Qe7 22. Bb2 Qh4 23. Qg4 Qxg4 24. hxg4 Bc5 25. Nd3 Be7 26. Rac1 Rfd8 27. Nb4 a5 28. Nxd5 Rxd5 29. Rxd5 exd5 30. c3 Bf6 31. Kg1 Kf8 32. Kf1 Ke7 33. f4 h6 34. Ke2 Kd7 35. b4 axb4 36. axb4 Rc4 37. g3 Kc6 38. Kf3 d4 39. cxd4 Rxc1 40. Bxc1 Kd5 41. g5 hxg5 42. fxg5 Bxd4 43. Kf4 Be5+ 44. Kg4 g6 45. Bf4 Bc3 0-1

[Event "EYCC Open-U10 2019"]
[Site "Bratislava"]
[Date "2019.08.07"]
[Round "6.36"]
[White "Ribstein, Orel"]
[Black "Pereverzev, Timofei"]
[Result "0-1"]
[ECO "D26"]
[WhiteElo "1662"]
[BlackElo "1332"]
[Annotator "NA"]
[PlyCount "70"]
[EventDate "2019.08.02"]
[EventType "swiss"]
[EventCountry "SVK"]
[SourceTitle "playchess.com"]
[Source "ChessBase"]
[SourceQuality "1"]
[TimeControl "40/5400+30:1800+30"]

1. d4 d5 2. Nf3 Nf6 3. c4 dxc4 4. e3 e6 5. Bxc4 a6 6. O-O b5 7. Bd3 Bb7 8. a4 b4 9. Qe2 c5 10. dxc5 Bxc5 11. Nbd2 O-O 12. e4 Nc6 13. e5 Nd5 14. Nb3 Be7 15. Qe4 g6 16. Rd1 Qc7 17. Re1 Rfd8 18. Bb1 Nc3 19. bxc3 Nd4 20. Qxd4 Rxd4 21. cxd4 Bd5 22. Nfd2 Rc8 23. Bb2 Bg5 24. Rc1 Qb7 25. Rxc8+ Qxc8 26. Bd3 Qc6 27. f3 Bxb3 28. Nxb3 Qd5 29. Nc1 Bxc1 30. Rxc1 Qb3 31. Bxa6 Qxb2 32. Rd1 Qc2 33. Ra1 b3 34. Bd3 b2 35. Bxc2 bxa1=Q+ 0-1

[Event "EYCC Open-U10 2019"]
[Site "Bratislava"]
[Date "2019.08.07"]
[Round "6.37"]
[White "Perossa, Nicolas"]
[Black "Morozov, Saveliy"]
[Result "1/2-1/2"]
[ECO "B32"]
[WhiteElo "1661"]
[BlackElo "1278"]
[Annotator "NA"]
[PlyCount "66"]
[EventDate "2019.08.02"]
[EventType "swiss"]
[EventCountry "SVK"]
[SourceTitle "playchess.com"]
[Source "ChessBase"]
[SourceQuality "1"]
[TimeControl "40/5400+30:1800+30"]

1. e4 c5 2. Nf3 Nc6 3. d4 cxd4 4. Nxd4 g6 5. c3 Bg7 6. Be3 Nf6 7. f3 O-O 8. Be2 d5 9. exd5 Nxd5 10. Nxc6 bxc6 11. Bd2 Qb6 12. Qb3 Qc7 13. Qc2 Rd8 14. O-O Bf5 15. Qc1 Rab8 16. b3 Be5 17. f4 Bg7 18. Bc4 Qd6 19. Qa3 Qxa3 20. Nxa3 Bxc3 21. Bxc3 Nxc3 22. Rfc1 Nd5 23. g3 Nb4 24. Bf1 Rd2 25. Nc4 Rxa2 26. Rxa2 Nxa2 27. Ra1 Nc3 28. Rxa7 Nd5 29. Na5 Rc8 30. Ba6 Rc7 31. Rb7 Be6 32. Rb8+ Kg7 33. Bc4 h5 1/2-1/2

[Event "EYCC Open-U10 2019"]
[Site "Bratislava"]
[Date "2019.08.07"]
[Round "6.38"]
[White "Koblov, Egor"]
[Black "Sauer, Tim"]
[Result "0-1"]
[ECO "B15"]
[WhiteElo "1312"]
[BlackElo "1635"]
[Annotator "NA"]
[PlyCount "80"]
[EventDate "2019.08.02"]
[EventType "swiss"]
[EventCountry "SVK"]
[SourceTitle "playchess.com"]
[Source "ChessBase"]
[SourceQuality "1"]
[TimeControl "40/5400+30:1800+30"]

1. e4 c6 2. d4 d5 3. Nd2 dxe4 4. Nxe4 Nf6 5. Nxf6+ exf6 6. Nf3 Bd6 7. Bd3 O-O 8. O-O Re8 9. c3 Bg4 10. h3 Bh5 11. Be3 Nd7 12. Re1 Nb6 13. c4 Nd7 14. a3 a5 15. g4 Bg6 16. Bxg6 hxg6 17. Qb3 b6 18. Rad1 Qc7 19. Qd3 Nf8 20. d5 cxd5 21. Qxd5 Rad8 22. Qb5 Rb8 23. Rd3 Bc5 24. Rb3 Bxe3 25. Rbxe3 Rxe3 26. Rxe3 Ne6 27. Qb3 Qc5 28. Qc3 Nf4 29. b4 axb4 30. axb4 Qd6 31. Nd4 Rd8 32. Nb3 Qd1+ 33. Qe1 Nxh3+ 34. Kf1 Qxg4 35. Nd2 Nf4 36. Rg3 Qh5 37. Nf3 Rd3 38. Nd2 Qh1+ 39. Rg1 Qh3+ 40. Rg2 Qxg2# 0-1

[Event "EYCC Open-U10 2019"]
[Site "Bratislava"]
[Date "2019.08.07"]
[Round "6.39"]
[White "Papaioannou, Dimitrios"]
[Black "Sitnikov, Arseni"]
[Result "1-0"]
[ECO "A34"]
[WhiteElo "1629"]
[BlackElo "1184"]
[Annotator "NA"]
[PlyCount "47"]
[EventDate "2019.08.02"]
[EventType "swiss"]
[EventCountry "SVK"]
[SourceTitle "playchess.com"]
[Source "ChessBase"]
[SourceQuality "1"]
[TimeControl "40/5400+30:1800+30"]

1. c4 c5 2. g3 Nf6 3. Bg2 d5 4. cxd5 Nxd5 5. Nc3 Nc7 6. Nf3 Nc6 7. O-O e5 8. a3 Be7 9. b4 cxb4 10. axb4 O-O 11. b5 Nd4 12. Nxe5 Bf6 13. b6 Bxe5 14. bxc7 Qxc7 15. Rb1 Rb8 16. e3 Nc6 17. d4 Bf6 18. Nb5 Qe7 19. Ba3 Qd7 20. Bxf8 Kxf8 21. Nc3 b6 22. Qh5 Kg8 23. Rfc1 g6 24. Qf3 1-0

[Event "EYCC Open-U10 2019"]
[Site "Bratislava"]
[Date "2019.08.07"]
[Round "6.40"]
[White "Sowinski, Pawel"]
[Black "Mukhomorov, Dobrynia"]
[Result "1-0"]
[ECO "C02"]
[WhiteElo "1644"]
[BlackElo "1206"]
[Annotator "NA"]
[PlyCount "67"]
[EventDate "2019.08.02"]
[EventType "swiss"]
[EventCountry "SVK"]
[SourceTitle "playchess.com"]
[Source "ChessBase"]
[SourceQuality "1"]
[TimeControl "40/5400+30:1800+30"]

1. e4 e6 2. d4 d5 3. e5 c5 4. Nf3 Qb6 5. Bd3 cxd4 6. O-O Nc6 7. Nbd2 Bd7 8. Nb3 Nge7 9. Bf4 g6 10. Qd2 Bg7 11. Rfe1 Rc8 12. a3 a5 13. Bf1 Nf5 14. g4 a4 15. gxf5 axb3 16. f6 Bf8 17. Bh6 bxc2 18. Bg7 Bxg7 19. fxg7 Rg8 20. Qh6 Ne7 21. Bd3 Bb5 22. Ng5 Bxd3 23. Nxh7 Nf5 24. Nf6+ Ke7 25. Qg5 Qc7 26. Nxd5+ Kd7 27. Nxc7 Rxc7 28. Qd2 Ba6 29. Re4 Rxg7 30. Rxd4+ Nxd4 31. Qxd4+ Kc8 32. Rc1 f6 33. Qa4 Bc4 34. Qe8# 1-0

[Event "EYCC Open-U10 2019"]
[Site "Bratislava"]
[Date "2019.08.07"]
[Round "6.41"]
[White "Tichy, Tomas"]
[Black "Haubold, Sebastian Marcel"]
[Result "0-1"]
[ECO "C22"]
[WhiteElo "1810"]
[BlackElo "1455"]
[Annotator "NA"]
[PlyCount "44"]
[EventDate "2019.08.02"]
[EventType "swiss"]
[EventCountry "SVK"]
[SourceTitle "playchess.com"]
[Source "ChessBase"]
[SourceQuality "1"]
[TimeControl "40/5400+30:1800+30"]

1. e4 e5 2. d4 exd4 3. Qxd4 Nc6 4. Qe3 d6 5. Nc3 Nf6 6. Bd2 Be6 7. O-O-O Be7 8. h3 O-O 9. f4 d5 10. exd5 Nxd5 11. Nxd5 Qxd5 12. a3 Rad8 13. Bd3 Bf6 14. Bc3 Bf5 15. Bxf6 gxf6 16. Kb1 Bxd3 17. cxd3 Qb3 18. Nf3 Rfe8 19. Qd2 Re6 20. Rhf1 Red6 21. Ne1 Nd4 22. Qc3 Qxd1+ 0-1

[Event "EYCC Open-U10 2019"]
[Site "Bratislava"]
[Date "2019.08.07"]
[Round "6.42"]
[White "Sazonov, Fedor"]
[Black "La Barbera, Manfredi"]
[Result "0-1"]
[ECO "D53"]
[WhiteElo "1280"]
[BlackElo "1479"]
[Annotator "NA"]
[PlyCount "64"]
[EventDate "2019.08.02"]
[EventType "swiss"]
[EventCountry "SVK"]
[SourceTitle "playchess.com"]
[Source "ChessBase"]
[SourceQuality "1"]
[TimeControl "40/5400+30:1800+30"]

1. d4 d5 2. c4 e6 3. Nc3 Nf6 4. Bg5 Be7 5. Nf3 Nbd7 6. e3 b6 7. Bd3 Bb7 8. O-O O-O 9. cxd5 exd5 10. Qc2 h6 11. Bxf6 Nxf6 12. Rfd1 Rc8 13. Qa4 c5 14. dxc5 Bxc5 15. Bc4 Bc6 16. Qc2 Qd7 17. Ne5 Qc7 18. Nxc6 dxc4 19. Nd4 Rfd8 20. Ndb5 Qe7 21. Qa4 Ng4 22. Rxd8+ Rxd8 23. Qxc4 Qh4 24. h3 Qxf2+ 25. Kh1 Nxe3 26. Qe2 Qxe2 27. Nxe2 Rd2 28. Nec3 a6 29. Ne4 Rxb2 30. Nc7 a5 31. g4 Bd4 32. Rd1 Nxd1 0-1

[Event "EYCC Open-U10 2019"]
[Site "Bratislava"]
[Date "2019.08.07"]
[Round "6.43"]
[White "Butolo, Alexandru-Mircea"]
[Black "Cruceru-Uceanu, Tudor-Mihai"]
[Result "1/2-1/2"]
[ECO "A13"]
[WhiteElo "1593"]
[BlackElo "1234"]
[Annotator "NA"]
[PlyCount "67"]
[EventDate "2019.08.02"]
[EventType "swiss"]
[EventCountry "SVK"]
[SourceTitle "playchess.com"]
[Source "ChessBase"]
[SourceQuality "1"]
[TimeControl "40/5400+30:1800+30"]

1. c4 e6 2. g3 Nf6 3. Bg2 d5 4. Nf3 c6 5. b3 Bd6 6. Bb2 Nbd7 7. d4 Ne4 8. O-O O-O 9. Nbd2 f5 10. Ne5 Nxe5 11. dxe5 Bc5 12. Nxe4 fxe4 13. Bd4 Bxd4 14. Qxd4 b6 15. Rfd1 Bb7 16. c5 bxc5 17. Qxc5 Qb6 18. Qxb6 axb6 19. Bh3 Kf7 20. f3 exf3 21. exf3 Ke7 22. f4 c5 23. Bg2 Ba6 24. Rd2 Rab8 25. a4 Rfc8 26. f5 d4 27. g4 Bb7 28. a5 Bxg2 29. Kxg2 bxa5 30. Rxa5 Rc7 31. Ra3 Rcb7 32. Rd3 Rb6 33. Kf3 R8b7 34. Ke4 1/2-1/2

[Event "EYCC Open-U10 2019"]
[Site "Bratislava"]
[Date "2019.08.07"]
[Round "6.44"]
[White "Dotzer, Lukas"]
[Black "Tran, Sixten"]
[Result "1/2-1/2"]
[ECO "B35"]
[WhiteElo "1070"]
[BlackElo "1516"]
[Annotator "NA"]
[PlyCount "64"]
[EventDate "2019.08.02"]
[EventType "swiss"]
[EventCountry "SVK"]
[SourceTitle "playchess.com"]
[Source "ChessBase"]
[SourceQuality "1"]
[TimeControl "40/5400+30:1800+30"]

1. e4 c5 2. Nf3 g6 3. d4 cxd4 4. Nxd4 Nc6 5. Nc3 Bg7 6. Be3 Nf6 7. Bc4 O-O 8. Bb3 Ng4 9. Nxc6 Nxe3 10. Nxd8 Nxd1 11. Rxd1 Rxd8 12. O-O e6 13. f4 b6 14. e5 Bb7 15. Ba4 Bc6 16. Bxc6 dxc6 17. Ne4 Rab8 18. Nd6 Bf8 19. Ne4 Be7 20. c4 a5 21. Nd6 Bxd6 22. Rxd6 Rxd6 23. exd6 Rd8 24. Rd1 Kf8 25. Rd3 c5 26. d7 Ke7 27. Rb3 Rb8 28. Rd3 Kd8 29. Rh3 h5 30. g4 Kxd7 31. gxh5 Rh8 32. hxg6 Rg8 1/2-1/2

[Event "EYCC Open-U10 2019"]
[Site "Bratislava"]
[Date "2019.08.07"]
[Round "6.45"]
[White "Batozhargalov, Erdem"]
[Black "Foldes, Marton Gabor"]
[Result "1-0"]
[ECO "B21"]
[WhiteElo "1080"]
[BlackElo "1803"]
[Annotator "NA"]
[PlyCount "171"]
[EventDate "2019.08.02"]
[EventType "swiss"]
[EventCountry "SVK"]
[SourceTitle "playchess.com"]
[Source "ChessBase"]
[SourceQuality "1"]
[TimeControl "40/5400+30:1800+30"]

1. e4 c5 2. d4 cxd4 3. c3 Nf6 4. e5 Nd5 5. Nf3 e6 6. Bc4 Nb6 7. Bb3 Nc6 8. O-O d6 9. cxd4 Qc7 10. Bf4 Be7 11. Nc3 d5 12. Rc1 a6 13. Qe2 O-O 14. Rfd1 Qd8 15. h3 Bd7 16. Nh2 f6 17. Ng4 fxe5 18. Bxe5 Bg5 19. Rb1 Ne7 20. Bd6 Nbc8 21. Be5 Ng6 22. g3 b5 23. f4 Be7 24. Nxd5 Kh8 25. Nxe7 Ncxe7 26. Bd6 Qb6 27. Bc5 Qc6 28. Rbc1 Qb7 29. Ne5 Nxe5 30. Qxe5 Rf5 31. Qe2 Nd5 32. Bd6 Re8 33. Re1 Rf6 34. Be5 Rf7 35. Bc2 Kg8 36. Be4 Bc6 37. Qc2 Rc8 38. Bxh7+ Kh8 39. Be4 Kg8 40. Qe2 Nf6 41. Bxc6 Rxc6 42. Rxc6 Qxc6 43. Bxf6 Rxf6 44. Qe4 Qc4 45. b3 Qc3 46. Qe3 Qc6 47. Rc1 Qb7 48. Kf2 b4 49. Qf3 Qb5 50. Rc5 Qd7 51. Qe3 Qb7 52. Qf3 Qd7 53. Rc4 Qb5 54. Qc6 Qa5 55. Qa4 Qh5 56. h4 Qf5 57. Qxb4 Qh3 58. Qb7 Qf5 59. Qf3 Qa5 60. Qe2 Qf5 61. Rc5 Qg6 62. Qh5 Qd3 63. Rc8+ Rf8 64. Rxf8+ Kxf8 65. Qe5 Qd2+ 66. Qe2 Qxd4+ 67. Kg2 Qd5+ 68. Kh3 Qh1+ 69. Kg4 Qd5 70. Qe5 Qd1+ 71. Kg5 Qd8+ 72. Kh5 Qd1+ 73. g4 Qd7 74. g5 Qd1+ 75. Kg6 Qd7 76. Qb8+ Ke7 77. Kxg7 Qd4+ 78. Qe5 Qd7 79. Qf6+ Kd6+ 80. Qf7 Qc6 81. h5 Qc3+ 82. Kg8 Kd5 83. h6 Qc8+ 84. Qf8 Qc2 85. Qd8+ Ke4 86. h7 1-0

[Event "EYCC Open-U10 2019"]
[Site "Bratislava"]
[Date "2019.08.07"]
[Round "6.46"]
[White "Suska, Szymon"]
[Black "Udipi, Kala Kishan"]
[Result "0-1"]
[ECO "B23"]
[WhiteElo "1432"]
[BlackElo "1732"]
[Annotator "NA"]
[PlyCount "162"]
[EventDate "2019.08.02"]
[EventType "swiss"]
[EventCountry "SVK"]
[SourceTitle "playchess.com"]
[Source "ChessBase"]
[SourceQuality "1"]
[TimeControl "40/5400+30:1800+30"]

1. e4 c5 2. Nc3 Nc6 3. f4 e6 4. Nf3 a6 5. g3 d5 6. Bg2 Nge7 7. O-O g6 8. d3 Bg7 9. h3 O-O 10. g4 b5 11. g5 b4 12. Ne2 a5 13. h4 Ba6 14. e5 Nf5 15. Qe1 Qb6 16. Qf2 Rab8 17. Bh3 Nce7 18. Bxf5 Nxf5 19. Ng3 c4 20. Nxf5 Qxf2+ 21. Rxf2 exf5 22. dxc4 dxc4 23. Be3 Rfd8 24. Nd4 Rbc8 25. a3 Bb7 26. axb4 axb4 27. Ra7 Be4 28. Rf1 Bf8 29. c3 Bc5 30. Ra5 Bxd4 31. Bxd4 b3 32. Rfa1 Rb8 33. Ra7 Rxd4 34. cxd4 c3 35. bxc3 b2 36. c4 bxa1=Q+ 37. Rxa1 Rb4 38. Rc1 Bd3 39. d5 Bxc4 40. d6 Be6 41. h5 Rxf4 42. h6 Rg4+ 43. Kf2 Kf8 44. Rb1 Ke8 45. Rb8+ Kd7 46. Rb7+ Kc6 47. Rc7+ Kb6 48. Re7 Rxg5 49. Re8 Rh5 50. Rb8+ Kc6 51. Rb1 Rxh6 52. Rc1+ Kd7 53. Rc7+ Kd8 54. Ra7 Rh4 55. Ra8+ Kd7 56. Ra7+ Kc6 57. Rc7+ Kb6 58. Rc1 Re4 59. Rb1+ Kc6 60. Rc1+ Kd7 61. Rc7+ Kd8 62. Ra7 Rxe5 63. Ra8+ Kd7 64. Ra7+ Kxd6 65. Ra6+ Ke7 66. Ra7+ Kf6 67. Kg1 h5 68. Kf1 h4 69. Kg1 h3 70. Kh2 f4 71. Kg1 Bd5 72. Kh2 f3 73. Kg1 f2+ 74. Kxf2 h2 75. Ra6+ Re6 76. Ra1 h1=Q 77. Rxh1 Bxh1 78. Kg3 Kg5 79. Kf2 Kf4 80. Kg1 Kg3 81. Kf1 Bg2+ 0-1

[Event "EYCC Open-U10 2019"]
[Site "Bratislava"]
[Date "2019.08.07"]
[Round "6.47"]
[White "Pehar, Borna"]
[Black "Govoreanu, Matei"]
[Result "0-1"]
[ECO "B06"]
[WhiteElo "1677"]
[BlackElo "1241"]
[Annotator "NA"]
[PlyCount "112"]
[EventDate "2019.08.02"]
[EventType "swiss"]
[EventCountry "SVK"]
[SourceTitle "playchess.com"]
[Source "ChessBase"]
[SourceQuality "1"]
[TimeControl "40/5400+30:1800+30"]

1. e4 g6 2. d4 Bg7 3. Nc3 c6 4. Be3 d5 5. Qd2 dxe4 6. Nxe4 Nf6 7. Nxf6+ exf6 8. O-O-O O-O 9. Bh6 a5 10. Bxg7 Kxg7 11. h4 h5 12. Be2 Qd5 13. b3 a4 14. Bf3 Qd6 15. Nh3 Qa3+ 16. Kb1 axb3 17. cxb3 Bf5+ 18. Ka1 Qxb3 19. Qb2 Qa4 20. Nf4 Rh8 21. Rhe1 Na6 22. Re7 Nb4 23. Rd2 Bc2 24. Ne6+ Kh6 25. Rxc2 Qxc2 26. Qxc2 Nxc2+ 27. Kb2 fxe6 28. Kxc2 Rxa2+ 29. Kd3 g5 30. Rxe6 Rf8 31. Re7 g4 32. Be2 Rb8 33. Kc3 b5 34. Bd3 Rh8 35. Re6 Rxf2 36. Rxc6 Kg7 37. Rc7+ Kh6 38. Be4 f5 39. Rc6+ Kg7 40. Bd5 Rh6 41. Rc7+ Kf8 42. Rf7+ Ke8 43. Ra7 f4 44. Ra8+ Ke7 45. Ra7+ Kd8 46. Ra8+ Kc7 47. Ra7+ Kb6 48. Rb7+ Ka6 49. Rb8 Rh7 50. Kb4 Rc7 51. Rxb5 Rb2+ 52. Bb3 Rxb3+ 53. Kxb3 Kxb5 54. d5 f3 55. d6 Rd7 56. gxf3 gxf3 0-1

[Event "EYCC Open-U10 2019"]
[Site "Bratislava"]
[Date "2019.08.07"]
[Round "6.48"]
[White "Mammi, Ottavio"]
[Black "Sarafis, Rafail"]
[Result "0-1"]
[ECO "A17"]
[WhiteElo "1477"]
[BlackElo "1094"]
[Annotator "NA"]
[PlyCount "120"]
[EventDate "2019.08.02"]
[EventType "swiss"]
[EventCountry "SVK"]
[SourceTitle "playchess.com"]
[Source "ChessBase"]
[SourceQuality "1"]
[TimeControl "40/5400+30:1800+30"]

1. c4 Nf6 2. Nc3 e6 3. g3 Nc6 4. Bg2 Bc5 5. e3 e5 6. Nge2 a6 7. O-O d6 8. d4 Ba7 9. a3 O-O 10. b4 Re8 11. h3 h5 12. d5 Ne7 13. Kh2 Ng6 14. f4 exf4 15. exf4 Bf5 16. Nd4 Be4 17. Re1 Bxg2 18. Rxe8+ Qxe8 19. Kxg2 Ne4 20. Nce2 Qd7 21. Bb2 Nf6 22. Qd3 Re8 23. Nf3 Re3 24. Qc2 h4 25. g4 Rxe2+ 26. Qxe2 Nxf4+ 27. Kf1 Nxe2 28. Kxe2 Qe7+ 29. Kf1 Ne4 30. Re1 Ng3+ 31. Kg2 Ne2 32. Kf1 Qe3 33. Rxe2 Qxf3+ 34. Ke1 Qh1+ 35. Kd2 Qxh3 36. g5 Qb3 37. Ke1 Qxc4 38. g6 fxg6 39. Re7 Bd4 40. Bxd4 Qxd4 41. Rxc7 Qxd5 42. Rc8+ Kh7 43. Rc3 Qe5+ 44. Kd2 Qxc3+ 45. Kxc3 h3 46. Kd4 h2 47. Kd5 h1=Q+ 48. Kxd6 Qc6+ 49. Ke7 Kg8 50. b5 Qf6+ 51. Kd7 Kf8 52. Kc7 Ke8 53. Kxb7 axb5 54. a4 b4 55. a5 b3 56. a6 b2 57. a7 b1=Q+ 58. Kc7 Qbb6+ 59. Kc8 Ke7 60. a8=Q Qf8# 0-1

[Event "EYCC Open-U10 2019"]
[Site "Bratislava"]
[Date "2019.08.08"]
[Round "7.1"]
[White "Warchol, Kamil"]
[Black "Vetokhin, Savva"]
[Result "0-1"]
[ECO "B90"]
[WhiteElo "1573"]
[BlackElo "1954"]
[Annotator "NA"]
[PlyCount "102"]
[EventDate "2019.08.02"]
[EventType "swiss"]
[EventCountry "SVK"]
[SourceTitle "playchess.com"]
[Source "ChessBase"]
[SourceQuality "1"]
[TimeControl "40/5400+30:1800+30"]

1. e4 c5 2. Nf3 d6 3. d4 cxd4 4. Nxd4 Nf6 5. Nc3 a6 6. Bc4 e6 7. O-O b5 8. Bb3 Be7 9. Qf3 Qc7 10. Re1 O-O 11. Qg3 Bd7 12. Bh6 Ne8 13. Bg5 Bxg5 14. Qxg5 Qc5 15. Qd2 Nc6 16. Nxc6 Bxc6 17. a4 Nf6 18. Rad1 Rad8 19. axb5 axb5 20. e5 dxe5 21. Qxd8 Rxd8 22. Rxd8+ Ne8 23. Ne4 Qe7 24. Rdd1 h6 25. Ng3 Qc5 26. Rd3 Nf6 27. h3 e4 28. Rde3 Bd5 29. R1e2 h5 30. Rc3 Qd4 31. Nf1 Qd1 32. Rd2 Qc1 33. Bxd5 Nxd5 34. Rb3 b4 35. h4 f5 36. g3 Qe1 37. Kg2 g5 38. hxg5 h4 39. gxh4 f4 40. c4 f3+ 41. Kg3 Qxf1 42. cxd5 Qg1+ 43. Kf4 Qc1 44. Ke3 Qe1+ 45. Kf4 Qxd2+ 46. Kg3 exd5 47. h5 Qxg5+ 48. Kh3 Qxh5+ 49. Kg3 Qg5+ 50. Kh3 Qg2+ 51. Kh4 Qxf2+ 0-1

[Event "EYCC Open-U10 2019"]
[Site "Bratislava"]
[Date "2019.08.08"]
[Round "7.2"]
[White "Finek, Vaclav"]
[Black "Kononenko, Vladimir"]
[Result "1-0"]
[ECO "C15"]
[WhiteElo "2043"]
[BlackElo "1667"]
[Annotator "NA"]
[PlyCount "105"]
[EventDate "2019.08.02"]
[EventType "swiss"]
[EventCountry "SVK"]
[SourceTitle "playchess.com"]
[Source "ChessBase"]
[SourceQuality "1"]
[TimeControl "40/5400+30:1800+30"]

1. e4 e6 2. d4 d5 3. Nc3 Bb4 4. exd5 exd5 5. Bd3 Be6 6. Nge2 Nf6 7. O-O O-O 8. Bg5 h6 9. Bh4 Be7 10. Bg3 Nh5 11. Nf4 Nxf4 12. Bxf4 Nc6 13. Nb5 Rc8 14. c3 a6 15. Na3 Bd6 16. Qd2 Bxf4 17. Qxf4 f5 18. Rae1 Qf6 19. Re2 g5 20. Qd2 Rce8 21. f4 g4 22. Nc2 Ne7 23. Rfe1 Nc8 24. Re5 Nd6 25. R1e2 c6 26. Qe1 Ne4 27. Bxe4 dxe4 28. b3 Bf7 29. Ne3 Bg6 30. Rd2 Re7 31. Qf1 Rd8 32. Qc4+ Kg7 33. Qc5 Rxe5 34. dxe5 Qf8 35. Qxf8+ Rxf8 36. Rd7+ Kg8 37. Nc4 b5 38. Nd6 c5 39. e6 c4 40. e7 Re8 41. Rd8 cxb3 42. axb3 a5 43. Nxe8 Kf7 44. Nc7 Kxe7 45. Rd4 Bf7 46. Nxb5 Bxb3 47. c4 Ba4 48. Nc3 Bc6 49. c5 Bb7 50. Kf2 h5 51. Nd5+ Ke6 52. Nb6 Bc6 53. Rd6+ {Kd5} 1-0

[Event "EYCC Open-U10 2019"]
[Site "Bratislava"]
[Date "2019.08.08"]
[Round "7.3"]
[White "Samunenkov, Ihor"]
[Black "Azadaliyev, Jahandar"]
[Result "0-1"]
[ECO "B33"]
[WhiteElo "1985"]
[BlackElo "1905"]
[Annotator "NA"]
[PlyCount "114"]
[EventDate "2019.08.02"]
[EventType "swiss"]
[EventCountry "SVK"]
[SourceTitle "playchess.com"]
[Source "ChessBase"]
[SourceQuality "1"]
[TimeControl "40/5400+30:1800+30"]

1. e4 c5 2. Nf3 Nc6 3. d4 cxd4 4. Nxd4 Nf6 5. Nc3 e5 6. Ndb5 d6 7. Bg5 a6 8. Na3 b5 9. Bxf6 gxf6 10. Nd5 f5 11. Bd3 Be6 12. c3 Bg7 13. Qh5 O-O 14. exf5 Bxd5 15. f6 e4 16. fxg7 Re8 17. Qxd5 exd3+ 18. Kf1 Ne5 19. Qd4 Qg5 20. Rd1 Qh5 21. f3 Nxf3 22. Qxd3 Ne5 23. Qd5 Qh4 24. Kg1 Ng6 25. g3 Qh3 26. Rf1 Ra7 27. Qf5 Qh6 28. Kg2 Rae7 29. Rf2 Qxg7 30. Qf6 Qxf6 31. Rxf6 Re6 32. Rf2 Ne5 33. Re1 d5 34. Rd2 Ng4 35. Rxe6 fxe6 36. Nc2 Ne5 37. Ne3 Kf7 38. Re2 a5 39. g4 b4 40. cxb4 axb4 41. Kg3 d4 42. Nc2 Nc6 43. Rd2 e5 44. h3 e4 45. Kf4 d3 46. Ne1 Ne5 47. Kxe4 Nc4+ 48. Kxd3 Nxd2 49. Kxd2 Ra8 50. Nd3 Rxa2 51. Kc2 Ra1 52. Nxb4 Rh1 53. Nd3 Rxh3 54. b4 Ke7 55. b5 Kd6 56. Kd2 Rg3 57. b6 Rxg4 0-1

[Event "EYCC Open-U10 2019"]
[Site "Bratislava"]
[Date "2019.08.08"]
[Round "7.4"]
[White "Usov, Aleksandr E."]
[Black "Averin, Nikolay"]
[Result "1-0"]
[ECO "B22"]
[WhiteElo "1809"]
[BlackElo "1840"]
[Annotator "NA"]
[PlyCount "173"]
[EventDate "2019.08.02"]
[EventType "swiss"]
[EventCountry "SVK"]
[SourceTitle "playchess.com"]
[Source "ChessBase"]
[SourceQuality "1"]
[TimeControl "40/5400+30:1800+30"]

1. e4 c5 2. c3 Nf6 3. e5 Nd5 4. d4 cxd4 5. Nf3 Nc6 6. cxd4 d6 7. Bc4 dxe5 8. Nxe5 e6 9. O-O Be7 10. Nf3 O-O 11. Nc3 a6 12. Nxd5 exd5 13. Bd3 Bg4 14. Be3 Bf6 15. h3 Bxf3 16. Qxf3 g6 17. Qf4 Bg7 18. Bc2 Qb6 19. Bb3 Rad8 20. Rad1 Qb5 21. Rc1 Qb4 22. Rfd1 Rd7 23. Rc3 a5 24. a3 Qb5 25. a4 Qb4 26. Rcd3 Re8 27. Qf3 Qd6 28. Bf4 Qf6 29. Qg4 Qf5 30. Qxf5 gxf5 31. Rg3 Kf8 32. Be3 f4 33. Bxf4 Nxd4 34. Kf1 Ne2 35. Rf3 Nxf4 36. Rxf4 d4 37. Bc4 Rc7 38. b3 Rce7 39. Rf5 b6 40. g4 Rd8 41. g5 Rd6 42. Rf3 Rdd7 43. Rc1 Rc7 44. Rd1 Rc5 45. h4 Rce5 46. Bd3 h6 47. g6 Rh5 48. Rc1 Be5 49. Rc8+ Kg7 50. Rc6 f6 51. Rh3 Bc7 52. Rf3 Be5 53. Rxb6 Rxh4 54. Ra6 h5 55. Rxa5 Rg4 56. Rh3 Kh6 57. Ra8 f5 58. Bxf5 Rg5 59. Bd3 Kg7 60. Ra5 Rb7 61. f4 Bxf4 62. Rxg5 Bxg5 63. Rxh5 Rxb3 64. Rh7+ Kf6 65. g7 Rb8 66. Rh8 Bf4 67. Rxb8 Kxg7 68. Rb7+ Kf6 69. a5 Bd6 70. a6 Bc5 71. Rc7 Ke5 72. Rxc5+ Kd6 73. Rc1 Kd7 74. a7 Kd6 75. a8=B Kd7 76. Rc4 Kd6 77. Rxd4+ Ke5 78. Rd5+ Ke6 79. Bc6 Ke7 80. Bf5 Kf6 81. Kf2 Kg5 82. Kg3 Kf6 83. Kf4 Ke7 84. Ke5 Kf7 85. Rd7+ Ke8 86. Kf6 Kf8 87. Rd8# 1-0

[Event "EYCC Open-U10 2019"]
[Site "Bratislava"]
[Date "2019.08.08"]
[Round "7.5"]
[White "Royal, Shreyas"]
[Black "Golovchenko, Bogdan"]
[Result "1/2-1/2"]
[ECO "A58"]
[WhiteElo "1996"]
[BlackElo "1723"]
[Annotator "NA"]
[PlyCount "122"]
[EventDate "2019.08.02"]
[EventType "swiss"]
[EventCountry "SVK"]
[SourceTitle "playchess.com"]
[Source "ChessBase"]
[SourceQuality "1"]
[TimeControl "40/5400+30:1800+30"]

1. d4 Nf6 2. c4 c5 3. d5 b5 4. cxb5 a6 5. bxa6 Bxa6 6. Nc3 d6 7. Nf3 g6 8. g3 Bg7 9. Bg2 Nbd7 10. Rb1 O-O 11. O-O Qa5 12. Bd2 Ng4 13. Qc2 Nge5 14. Nxe5 Nxe5 15. b3 Rfb8 16. Rfe1 Qc7 17. h3 Bc8 18. f4 Nd7 19. e4 c4 20. Na4 Nb6 21. Nxb6 Qxb6+ 22. Be3 Bd4 23. Bxd4 Qxd4+ 24. Kh2 Ba6 25. Red1 Qc5 26. e5 Ra7 27. e6 f6 28. h4 Kg7 29. f5 Rc7 30. bxc4 Rxb1 31. Qxb1 Qxc4 32. Qb3 gxf5 33. Qb8 Rc8 34. Qa7 Kf8 35. Qf2 Qg4 36. Rd4 Qe2 37. Qxe2 Bxe2 38. Rd2 Bb5 39. Bh3 Ra8 40. Bxf5 h6 41. Rc2 Ra4 42. Rb2 Bc4 43. Rb8+ Kg7 44. Rb7 Rxa2+ 45. Kh3 Kf8 46. Rb8+ Kg7 47. Re8 Ra7 48. Be4 Bb5 49. Rb8 Bf1+ 50. Kg4 Ra4 51. Kf3 Ra3+ 52. Kf2 Bh3 53. Re8 Ra7 54. Bf3 Bf5 55. h5 Bc2 56. Ke3 Ba4 57. Rb8 Rc7 58. Be4 Bd1 59. Bg6 Bg4 60. Bf7 Kh7 61. Rg8 Bxh5 1/2-1/2

[Event "EYCC Open-U10 2019"]
[Site "Bratislava"]
[Date "2019.08.08"]
[Round "7.6"]
[White "kiladze, Luka"]
[Black "Materia, Marco"]
[Result "0-1"]
[ECO "D59"]
[WhiteElo "1683"]
[BlackElo "2243"]
[Annotator "NA"]
[PlyCount "96"]
[EventDate "2019.08.02"]
[EventType "swiss"]
[EventCountry "SVK"]
[SourceTitle "playchess.com"]
[Source "ChessBase"]
[SourceQuality "1"]
[TimeControl "40/5400+30:1800+30"]

1. d4 d5 2. c4 e6 3. Nc3 Nf6 4. Bg5 Be7 5. e3 O-O 6. Nf3 h6 7. Bh4 b6 8. cxd5 Nxd5 9. Bxe7 Qxe7 10. Bd3 Nxc3 11. bxc3 Bb7 12. O-O c5 13. Rc1 Nd7 14. Bb1 Rfd8 15. Qc2 Nf6 16. Ne5 Rac8 17. Qe2 cxd4 18. cxd4 Qa3 19. Rcd1 Nd5 20. Qh5 Qe7 21. Bd3 Rc3 22. Qe2 Rdc8 23. Qd2 Nb4 24. Bb1 Ba6 25. Rfe1 Rc2 26. Bxc2 Rxc2 27. Nc6 Rxc6 28. Rc1 Rc4 29. Rxc4 Bxc4 30. a4 a5 31. e4 Qd7 32. h3 Qxa4 33. Qf4 Qc6 34. Re3 Na6 35. Rg3 Qc7 36. Qg4 g6 37. h4 h5 38. Qg5 Qd6 39. Qf6 Nc7 40. d5 Ne8 41. Qd4 exd5 42. Re3 Qf6 43. e5 Qe6 44. Rg3 Ng7 45. Rg5 a4 46. f4 a3 47. g4 Qc6 48. Kg2 Ne6 0-1